AoeStats
← charles.lmiranda

Arena

507627137Analyzed
3v3 RM · 14d ago on Sep 19, 2026· 59m 2s· 6 players
Game mode
Random Map
Map size
Normal (6 player)
Population
200
Speed
Normal
Resources
Standard
Victory
Conquest
Starting age
Dark Age
Ending age
Imperial Age
RankedLock teamsTeams togetherTeam positionsShared explorationLock speedFull tech treeHidden civsTurbo modeCheats
Victory
Defeat
🇧🇷 Lithuanians · Brazil
681
+19
🇧🇷 Japanese · Brazil
622
+21
🇵🇪 Persians · Peru
616
+21
🇨🇦 Lithuanians · Canada
851
-24
🇧🇷 Japanese · Brazil
835
-25
🇨🇦 Persians · Canada
537
-18
thiagopri
10:17 Feudal Age
10:48 Loom
11:20 Horse Collar
11:28 Double-Bit Axe
20:56 Castle Age
19:26 Gold Mining
19:34 Stone Mining
19:50 Scale Mail Armor
20:01 Forging
22:08 Bow Saw
25:05 Wheelbarrow
26:04 Heavy Plow
31:50 Chain Mail Armor
36:21 Yasama
37:44 Gold Shaft Mining
39:31 Murder Holes
39:57 Ballistics
42:35 Imperial Age
42:51 Elite Samurai
44:12 Iron Casting
44:08 Plate Mail Armor
44:20 Husbandry
44:33 Bloodlines
46:14 Kataparuto
46:16 Conscription
46:32 Heavy Scorpion
52:31 Hoardings
Rique
7:52 Loom
10:44 Feudal Age
17:40 Castle Age
19:18 Forging
20:53 Husbandry
22:50 Bloodlines
25:51 Scale Barding Armor
27:27 Iron Casting
29:29 Chain Barding Armor
45:54 Fletching
48:06 Scale Mail Armor
charles.lmiranda
12:33 Feudal Age
14:48 Loom
14:51 Double-Bit Axe
22:00 Castle Age
19:59 Man-at-Arms
22:17 Wheelbarrow
22:40 Gold Mining
22:44 Horse Collar
24:32 Scale Barding Armor
25:28 Husbandry
27:01 Bloodlines
31:42 Bow Saw
32:24 Town Watch
32:55 Hand Cart
35:48 Light Cavalry
36:53 Chain Barding Armor
36:37 Scale Mail Armor
40:06 Heavy Plow
40:07 Stone Mining
40:53 Gold Shaft Mining
44:15 Stone Shaft Mining
47:32 Imperial Age
45:42 Parthian Tactics
44:39 Crossbowman
45:38 Padded Archer Armor
45:29 Fletching
45:52 Forging
47:14 Hussar
48:12 Cavalier
51:01 Elite Skirmisher
52:05 Savar
52:05 Heavy Camel Rider
53:55 Long Swordsman
53:55 Pikeman
55:58 Savar
58:41 Siphons
Michi montés
10:09 Feudal Age
20:58 Castle Age
21:47 Double-Bit Axe
21:45 Horse Collar
22:00 Gold Mining
28:55 Stone Mining
29:13 Loom
32:39 Wheelbarrow
38:33 Gold Shaft Mining
37:34 Pikeman
41:51 Imperial Age
45:14 Coinage
45:08 Halberdier
45:59 Squires
49:13 Heavy Scorpion
52:22 Conscription
53:21 Citadels
58:27 Stone Shaft Mining
Crest
0:40 Loom
11:58 Feudal Age
12:27 Double-Bit Axe
20:31 Castle Age
19:09 Stone Mining
19:13 Gold Mining
23:22 Bow Saw
26:10 Husbandry
29:18 Stone Mining
30:44 Stone Shaft Mining
30:28 Caravan
32:19 Fervor
34:17 Wheelbarrow
37:05 Hand Cart
40:59 Imperial Age
40:32 Forging
40:28 Scale Barding Armor
43:43 Iron Casting
43:30 Chain Barding Armor
44:13 Two-Man Saw
45:11 Plate Barding Armor
45:07 Block Printing
45:13 Fletching
45:26 Padded Archer Armor
45:45 Treadmill Crane
47:06 Chemistry
46:26 Ballistics
46:17 Fortified Wall
46:05 Murder Holes
46:26 Bodkin Arrow
46:49 Leather Archer Armor
46:15 Elite Leitis
52:49 Heated Shot
53:10 Masonry
53:48 Guilds
54:09 Coinage
55:50 Bracer
56:22 Ring Archer Armor
58:09 Horse Collar
Cholo-Mochica
11:46 Feudal Age
12:15 Double-Bit Axe
12:18 Horse Collar
14:09 Loom
18:34 Castle Age
20:15 Bow Saw
22:15 Wheelbarrow
21:47 Pikeman
24:27 Hand Cart
28:03 Town Watch
29:29 Squires
29:15 Arson
38:30 Imperial Age
36:25 Town Patrol
36:44 Heavy Plow
37:05 Yasama
38:28 Murder Holes
38:54 Ballistics
39:34 Kataparuto
39:35 Conscription
38:58 Halberdier
40:11 Gambesons
40:23 Capped Ram
41:26 Gold Mining
53:31 Elite Samurai
57:39 Caravan
Connection lost

Rejoining the realm…

Still unreachable

The connection could not be restored.

Session expired

The server has moved on; the page needs a fresh start.